 Dungeon Sprint DCSS version 0.21.0-25-ge575cb9 (webtiles) character file.

18866 doot the Eviscerator (level 12, -1/67 HPs)
             Began as a Felid Berserker on Jan 24, 2018.
             Was the Champion of Trog.
             Slain by a vampire knight
             ... wielding a +3 war axe
              (12 damage)
             ... in the Dungeon (Sprint IX: "|||||||||||||||||||||||||||||") on Jan 26, 2018.
             The game lasted 00:26:46 (4971 turns).

doot the Eviscerator (Felid Berserker)              Turns: 4971, Time: 00:26:48

Health: -1/67      AC:  3    Str: 18    XL:     12   Next: 31%
Magic:  13/13      EV: 42    Int:  9    God:    Trog [******]
Gold:   677        SH:  0    Dex: 20    Spells: 11/11 levels left
                                        Lives:  0   Deaths: 3

rFire    + . .     SeeInvis +     - Unarmed
rCold    + . .     Gourm    .   (shield unavailable)
rNeg     . . .     Faith    +   (armour unavailable)
rPois    .         Spirit   .   (helmet unavailable)
rElec    .         Reflect  .   (cloak unavailable)
rCorr    .         Harm     .   (gloves unavailable)
MR       +++..     NoTele   +   (boots unavailable)
Stlth    ++++++++..             r - amulet of faith
HPRegen  1.21/turn              q - +4 ring of evasion
MPRegen  0.13/turn              m - +2 ring of evasion

@: mighty, berserk cooldown, very slightly contaminated, regenerating, slowed,
slow
A: very small, no armour, no weapons or thrown items, stealth, claws 1, fangs 3,
see invisible, carnivore, fire resistance 1, speed 1, robust 1, shaggy fur 3,
slow metabolism 1, sharp paws
a: Berserk, Trog's Hand, Brothers in Arms, Burn Spellbooks, Renounce Religion


You were in the Dungeon.
You worshipped Trog.
Trog was exalted by your worship.
You were not hungry.

You visited 1 branch You collected 1925 gold pieces.
You spent 1248 gold pieces at shops.

Inventory:

Jewellery
 h - an uncursed ring of stealth
 l - a +3 ring of intelligence
 m - a +2 ring of evasion (right paw)
 q - a +4 ring of evasion (left paw)
 r - an amulet of faith (around neck)
 s - an uncursed ring of resist corrosion
 u - an uncursed ring of poison resistance
 v - an uncursed ring of protection from fire
Wands
 k - a wand of iceblast (10)
 t - a wand of clouds (5)
Scrolls
 g - a scroll of blinking
 i - 3 scrolls of fog
 j - 3 scrolls of remove curse
 y - 2 scrolls of identify
Potions
 b - 4 potions of curing
 c - 11 potions of heal wounds
 d - a potion of haste
 e - 4 potions of magic
 f - 3 potions of berserk rage
 p - a potion of might
 w - a potion of brilliance
Comestibles
 a - 11 rations


   Skills:
 + Level 12.9 Fighting
 + Level 20.5 Dodging
 + Level 20.8 Stealth
 + Level 26.1 Unarmed Combat


You had 11 spell levels left.
You didn't know any spells.

Dungeon Overview and Level Annotations

Branches:
Dungeon (1/1)

Altars:
Cheibriados
Dithmenos
Elyvilon
Fedhas
Gozag
Hepliaklqana
Kikubaaqudgha
Makhleb
Nemelex Xobeh
Okawaru
Qazlal
Ru
Sif Muna
Trog
Uskayaw
Vehumet
Wu Jian
Xom
Yredelemnul
Zin
The Shining One
Beogh
Jiyva
Lugonu

Shops:
D (:=(

Annotations:
D Boris


Innate Abilities, Weirdness & Mutations

You cannot wear armour.
You are incapable of wielding weapons or throwing items.
Your paws allow you to move quietly. (Stealth)
You have sharp claws.
You have razor-sharp teeth.
You have supernaturally acute eyesight. (SInv)
You are carnivorous and can eat meat at any time.
You cover ground quickly.
Your thick and shaggy fur keeps you warm. (AC +3, rC+)
You have a slow metabolism.
Your sharp claws are effective at attacking unaware monsters.
Your flesh is heat resistant. (rF+)
You are robust. (+10% HP)


Message History

The vampire knight hits you with an enchanted war axe!!
Ouch! That really hurt!
* * * LOW HITPOINT WARNING * * *
The vampire knight bites you!
* * * LOW HITPOINT WARNING * * *
The vampire knight draws strength from your injuries!
The ironbrand convoker gestures at the merfolk javelineer while chanting.
The merfolk javelineer seems to grow stronger.
The vampire knight completely misses you. x2
Unknown command.
Okay, then.
The vampire knight completely misses you.
The vampire knight barely misses you.
You feel very mighty all of a sudden.
The vampire knight completely misses you.
The vampire knight bites you.
* * * LOW HITPOINT WARNING * * *
The vampire knight draws strength from your injuries!
The vampire knight hits you with an enchanted war axe!
You die...

..((?..)'[.......).†....'........
▓▓▓▓▓▓▓▓▓▓▓▓▓▓▓▓▓▓▓▓▓▓▓▓▓▓▓▓▓▓▓▓▓
.................................
▓▓▓▓▓▓▓▓▓▓▓♣♣♣♣♣♣♣♣♣♣▓▓▓▓▓▓▓▓▓▓▓▓
)'.[)......'.[.......'...........
▓▓▓▓▓▓▓▓▓▓▓♣♣♣♣♣♣♣♣♣♣▓▓▓▓▓▓▓▓▓▓▓▓
..[..............................
▓▓▓▓▓▓▓▓▓▓▓▓▓▓▓▓▓▓▓▓▓▓▓▓▓▓▓▓▓▓▓▓▓
§['[)((...(mp([V@....q..
▓▓▓▓▓▓▓▓▓▓▓▓▓▓▓▓▓▓▓▓▓▓▓▓
..................
▓▓▓▓▓▓▓▓▓▓▓▓▓▓▓▓▓▓


You could see a white draconian shifter (wandering), a merfolk javelineer, a
vampire knight (invisible) and an ironbrand convoker.

Vanquished Creatures
  A death cob (D)
  Donald (D)
  A frost giant (D)
  A spark wasp (D)
  An ettin (D)
  Erolcha (D)
  Harold (D)
  2 great orbs of eyes (D)
  An ice dragon (D)
  A vault guard (D)
  An alligator snapping turtle (D)
  2 merfolk aquamancers (D)
  An ogre mage (D)
  A two-headed ogre (D)
  A deep troll earth mage (D)
  A vampire mage (D)
  A hell knight (D)
  5 orc high priests (D)
  Nergalle (D)
  A spriggan druid (D)
  A flayed ghost (D)
  A wizard (D)
  A harpy (D)
  An orb spider (D)
  3 orc knights (D)
  A wolf spider (D)
  A naga mage (D)
  A black mamba (D)
  A spiny frog (D)
  A komodo dragon (D)
  A polar bear (D)
  A bog body (D)
  A hornet (D)
  2 snapping turtles (D)
  A blink frog (shapeshifter) (D)
  2 slime creatures (D)
  A hippogriff (D)
  2 redbacks (D)
  A wraith (D)
  Grum (D)
  2 yaks (D)
  An insubstantial wisp (D)
  3 porcupines (D)
  A water moccasin (D)
  A swamp drake (D)
  9 orc warriors (D)
  A centaur (D)
  3 wolves (D)
  An ogre (D)
  2 crocodiles (D)
  5 bullfrogs (D)
  10 orc priests (D)
  An iron imp (D)
  An iguana (D)
  2 orc wizards (D)
  A worker ant (D)
  2 leopard geckos (D)
  3 orcs (D)
  A goblin (D)
  A hobgoblin (D)
  A jackal (D)
  A bat (D)
  2 kobolds (D)
  A quokka skeleton (D)
  A quokka zombie (D)
108 creatures vanquished.

Vanquished Creatures (collateral kills)
  A titan (D)
  An emperor scorpion (D)
  A very ugly thing (D)
  2 ironheart preservers (D)
  3 stone giants (D)
  A dire elephant (D)
  A merfolk javelineer (D)
  An ettin (D)
  Josephine (D)
  2 yaktaur captains (D)
  A fire dragon (D)
  3 great orbs of eyes (D)
  2 naga warriors (D)
  A rakshasa (D)
  A vault guard (D)
  An ogre mage (D)
  An alligator (D)
  A deep troll shaman (D)
  A vampire mage (D)
  3 orc high priests (D)
  A shock serpent (D)
  An unseen horror (D)
  A glowing orange brain (D)
  A flayed ghost (D)
  A wizard (D)
  An ironbrand convoker (D)
  A deep troll (D)
  A necromancer (D)
  A wolf spider (D)
  An orc knight (D)
  A cyclops (D)
  2 ugly things (D)
  A salamander (D)
  7 elephants (D)
  3 black mambas (D)
  A vault sentinel (D)
  A guardian serpent (D)
  A water nymph (D)
  A spiny frog (D)
  A komodo dragon (shapeshifter) (D)
  A freezing wraith (D)
  3 jumping spiders (D)
  A guardian mummy (D)
  A merfolk (shapeshifter) (D)
  2 merfolk (D)
  A meliai (D)
  A tyrant leech (D)
  A wyvern (D)
  4 wraiths (D)
  A tarantella (D)
  A vampire (D)
  A basilisk (shapeshifter) (D)
  3 vampire mosquitoes (D)
  An orc warrior (D)
  A bullfrog (D)
  2 orc priests (D)
83 creatures vanquished.

Grand Total: 191 creatures vanquished

Notes
Turn   | Place    | Note
-------+----------+-------------------------------------------
     0 | D        | doot the Felid Berserker began the quest for the Orb.
     0 | D        | Reached XP level 1. HP: 10/10 MP: 2/2
    16 | D        | Reached ** piety under Trog
   189 | D        | Noticed an iguana
   189 | D        | Noticed a worker ant
   192 | D        | Reached *** piety under Trog
   197 | D        | Killed an iguana
   197 | D        | Reached skill level 4 in Unarmed Combat
   197 | D        | Reached XP level 2. HP: 11/15 MP: 3/3
   197 | D        | Reached XP level 3. HP: 13/18 MP: 4/4
   200 | D        | Reached skill level 5 in Fighting
   200 | D        | Reached skill level 5 in Unarmed Combat
   330 | D        | Found a roughly hewn altar of Beogh.
   330 | D        | Found a snail-covered altar of Cheibriados.
   330 | D        | Found a shadowy altar of Dithmenos.
   330 | D        | Found a white marble altar of Elyvilon.
   330 | D        | Found a blossoming altar of Fedhas.
   330 | D        | Found an opulent altar of Gozag.
   331 | D        | Found a hazy altar of Hepliaklqana.
   332 | D        | Found a viscous altar of Jiyva.
   333 | D        | Found an ancient bone altar of Kikubaaqudgha.
   334 | D        | Found a corrupted altar of Lugonu.
   335 | D        | Found a burning altar of Makhleb.
   336 | D        | Found a sparkling altar of Nemelex Xobeh.
   337 | D        | Found an iron altar of Okawaru.
   338 | D        | Found a stormy altar of Qazlal.
   339 | D        | Found a sacrificial altar of Ru.
   340 | D        | Found a deep blue altar of Sif Muna.
   341 | D        | Found a bloodstained altar of Trog.
   342 | D        | Found a hide-covered altar of Uskayaw.
   343 | D        | Found a radiant altar of Vehumet.
   344 | D        | Found an ornate altar of the Wu Jian Council.
   345 | D        | Found a shimmering altar of Xom.
   346 | D        | Found a basalt altar of Yredelemnul.
   347 | D        | Found a glowing silver altar of Zin.
   348 | D        | Found a glowing golden altar of the Shining One.
   374 | D        | Noticed a two-headed ogre
   374 | D        | Noticed a centaur
   374 | D        | Noticed a bullfrog
   374 | D        | Noticed an ogre
   381 | D        | Killed a two-headed ogre
   381 | D        | Reached **** piety under Trog
   381 | D        | Reached skill level 10 in Unarmed Combat
   381 | D        | Reached XP level 4. HP: 10/27 MP: 5/5
   381 | D        | Reached XP level 5. HP: 12/31 MP: 6/6
   381 | D        | Gained mutation: You are covered in thick fur. (AC +2) [Felid growth]
   381 | D        | Reached XP level 6. HP: 14/35 MP: 7/7
   381 | D        | Reached XP level 7. HP: 15/38 MP: 8/8
   389 | D        | Reached skill level 11 in Unarmed Combat
   598 | D        | Noticed a vampire
   598 | D        | Noticed a wraith
   598 | D        | Noticed a centaur warrior
   598 | D        | Noticed a vampire mosquito
   607 | D        | Killed a vampire
   607 | D        | Reached skill level 10 in Fighting
   607 | D        | Reached XP level 8. HP: 26/43 MP: 9/9
   615 | D        | HP: 1/43 [centaur warrior/arrow (8)]
   623 | D        | Shot with an arrow by a centaur warrior
   624 | D        | Reached XP level 7. HP: -4/39 MP: 8/8
   844 | D        | Noticed a yak
   847 | D        | Reached ***** piety under Trog
   847 | D        | Reached skill level 12 in Unarmed Combat
   852 | D        | Noticed a hippogriff
   864 | D        | Reached skill level 1 in Stealth
   872 | D        | Noticed a black mamba
   873 | D        | Killed a yak
   873 | D        | Reached XP level 8. HP: 44/44 MP: 9/9
   877 | D        | Reached skill level 13 in Unarmed Combat
   881 | D        | Killed a hippogriff
   885 | D        | Killed a black mamba
   914 | D        | Noticed a spiny frog
   914 | D        | Noticed a spiny frog
   914 | D        | Noticed a komodo dragon
   927 | D        | Killed a spiny frog
   927 | D        | Reached skill level 14 in Unarmed Combat
   932 | D        | Reached XP level 9. HP: 48/48 MP: 10/10
   937 | D        | Killed a spiny frog
   942 | D        | Killed a komodo dragon
   942 | D        | Reached skill level 15 in Unarmed Combat
   944 | D        | Reached skill level 15 in Dodging
   950 | D        | Noticed a polar bear
   993 | D        | Killed a polar bear
  1058 | D        | Noticed an elephant
  1058 | D        | Noticed an elephant
  1058 | D        | Noticed a dire elephant
  1058 | D        | Noticed an elephant
  1058 | D        | Noticed an elephant
  1058 | D        | Noticed an elephant
  1059 | D        | Noticed an elephant
  1063 | D        | Killed an elephant
  1065 | D        | Killed a dire elephant
  1068 | D        | Killed an elephant
  1068 | D        | Reached skill level 16 in Unarmed Combat
  1070 | D        | Killed an elephant
  1070 | D        | Reached XP level 10. HP: 51/53 MP: 11/11
  1072 | D        | Killed an elephant
  1073 | D        | Killed an elephant
  1075 | D        | Killed an elephant
  1075 | D        | Reached ****** piety under Trog
  1078 | D        | Noticed an elephant
  1082 | D        | Killed an elephant
  1142 | D        | Noticed Grum
  1160 | D        | Killed Grum
  1166 | D        | Reached skill level 17 in Unarmed Combat
  1378 | D        | Noticed an orc knight
  1406 | D        | Killed an orc knight
  1689 | D        | Noticed an orc knight
  1700 | D        | Killed an orc knight
  1700 | D        | Reached skill level 5 in Stealth
  1768 | D        | Noticed an orc high priest
  1805 | D        | Reached skill level 18 in Unarmed Combat
  1822 | D        | Killed an orc high priest
  1837 | D        | Noticed an orc knight
  1917 | D        | Killed an orc knight
  2097 | D        | Reached XP level 11. HP: 57/57 MP: 12/12
  2122 | D        | Found Iruhosed's Weapon Emporium.
  2122 | D        | Noticed an orc high priest
  2122 | D        | Noticed an orc high priest
  2125 | D        | Found Numompuw's Book Shoppe.
  2238 | D        | Noticed an orc high priest
  2241 | D        | Killed an orc high priest
  2241 | D        | Reached skill level 19 in Unarmed Combat
  2244 | D        | Killed an orc high priest
  2247 | D        | Noticed an orc high priest
  2249 | D        | Found Puet's Jewellery Emporium.
  2251 | D        | Noticed an orc high priest
  2252 | D        | Killed an orc high priest
  2253 | D        | Found Zaebrauj's Antique Weapon Shoppe.
  2257 | D        | Killed an orc high priest
  2258 | D        | Noticed an orc high priest
  2263 | D        | Killed an orc high priest
  2263 | D        | Reached skill level 20 in Unarmed Combat
  2266 | D        | Noticed a soul eater
  2291 | D        | Killed an orc high priest
  2487 | D        | Noticed an orc high priest
  2495 | D        | Killed an orc high priest
  2508 | D        | Bought a +4 ring of evasion for 468 gold pieces
  2508 | D        | Bought an uncursed amulet of faith for 520 gold pieces
  2508 | D        | Bought an uncursed ring of resist corrosion for 260 gold pieces
  2548 | D        | Noticed Harold
  2559 | D        | Killed Harold
  2663 | D        | Gained mutation: Your flesh is heat resistant. (rF+) [potion of mutation]
  2663 | D        | Gained mutation: You are robust. (+10% HP) [potion of mutation]
  2684 | D        | Noticed a green ugly thing
  2684 | D        | Noticed an ogre mage
  2685 | D        | Noticed a white ugly thing
  2694 | D        | Killed a green ugly thing
  2694 | D        | Reached skill level 10 in Stealth
  2727 | D        | Noticed an ettin
  2727 | D        | Killed an ogre mage
  2728 | D        | Killed a white ugly thing
  2731 | D        | Noticed a great orb of eyes
  2735 | D        | Killed an ettin
  2735 | D        | Reached skill level 21 in Unarmed Combat
  2740 | D        | Killed a great orb of eyes
  2817 | D        | Noticed a great orb of eyes
  2826 | D        | Killed a great orb of eyes
  2830 | D        | Gained mutation: Your thick and shaggy fur keeps you warm. (AC +3, rC+) [Felid growth]
  2830 | D        | Reached XP level 12. HP: 63/67 MP: 13/13
  2943 | D        | Noticed an ice dragon
  2944 | D        | Noticed a deep troll earth mage
  2945 | D        | Noticed a rakshasa
  2965 | D        | Killed an ice dragon
  2970 | D        | Killed a deep troll earth mage
  2970 | D        | Reached skill level 22 in Unarmed Combat
  2994 | D        | Killed a rakshasa
  3168 | D        | Noticed Nergalle
  3176 | D        | Killed Nergalle
  3229 | D        | Noticed an emperor scorpion
  3254 | D        | Killed an emperor scorpion
  3497 | D        | Noticed a naga warrior
  3498 | D        | Noticed a naga warrior
  3513 | D        | Killed a naga warrior
  3519 | D        | Killed a naga warrior
  3519 | D        | Reached skill level 23 in Unarmed Combat
  3601 | D        | Noticed a merfolk aquamancer
  3604 | D        | Noticed an alligator snapping turtle
  3605 | D        | Killed a merfolk aquamancer
  3613 | D        | Noticed a merfolk aquamancer
  3627 | D        | Killed a merfolk aquamancer
  3636 | D        | Killed an alligator snapping turtle
  3636 | D        | Reached skill level 15 in Stealth
  3776 | D        | Noticed an alligator
  3789 | D        | Killed an alligator
  3896 | D        | Noticed Donald
  3935 | D        | Killed Donald
  3935 | D        | Reached skill level 24 in Unarmed Combat
  3935 | D        | Reached XP level 13. HP: 71/71 MP: 14/14
  3976 | D        | Noticed Josephine
  3988 | D        | Killed Josephine
  4009 | D        | Noticed Erolcha
  4019 | D        | Killed Erolcha
  4100 | D        | Noticed a stone giant
  4120 | D        | Noticed a frost giant
  4132 | D        | Killed a stone giant
  4156 | D        | Killed a frost giant
  4175 | D        | Noticed a spark wasp
  4184 | D        | HP: 3/71 [spark wasp (17)]
  4186 | D        | Killed a spark wasp
  4515 | D        | Noticed a fire dragon
  4517 | D        | Noticed a red very ugly thing
  4531 | D        | Noticed an ettin
  4535 | D        | Killed a red very ugly thing
  4537 | D        | Killed a fire dragon
  4542 | D        | Killed an ettin
  4597 | D        | Noticed an ironheart preserver
  4612 | D        | Reached skill level 25 in Unarmed Combat
  4620 | D        | Killed an ironheart preserver
  4659 | D        | Noticed an ironheart preserver
  4662 | D        | Noticed a stone giant
  4665 | D        | Killed an ironheart preserver
  4667 | D        | Killed a stone giant
  4673 | D        | Noticed a stone giant
  4681 | D        | Killed a stone giant
  4695 | D        | Noticed a titan
  4698 | D        | Killed from afar by a titan
  4699 | D        | Reached XP level 12. HP: -30/65 MP: 13/13
  4712 | D        | Noticed Boris
  4719 | D        | Blown up by Boris
  4720 | D        | Reached XP level 11. HP: -6/94 MP: 12/12
  4920 | D        | Killed a titan
  4921 | D        | Killed a vault guard
  4928 | D        | Noticed a merfolk javelineer
  4928 | D        | Noticed a vault guard
  4928 | D        | Noticed a death cob
  4928 | D        | Noticed a vampire knight
  4931 | D        | Noticed a deep troll
  4933 | D        | Killed a hell knight
  4933 | D        | Reached XP level 12. HP: 67/67 MP: 13/13
  4940 | D        | Killed a death cob
  4947 | D        | Killed a vault guard
  4947 | D        | Reached skill level 26 in Unarmed Combat
  4949 | D        | Noticed a white draconian shifter
  4961 | D        | Killed a merfolk javelineer
  4967 | D        | Noticed a merfolk javelineer
  4971 | D        | Slain by a vampire knight

Skill      XL: |  1  2  3  4  5  6  7  8  9 10 11 12 13 |
---------------+----------------------------------------+-----
Fighting       | 4 9 10 11 12 | 12.9
Dodging        | 6 11 13 14 15 16 17 18 20 | 20.5
Unarmed Combat | 4 10 12 14 16 18 21 26 25 | 26.1
Stealth        | 1 2 4 6 11 16 20 | 20.8

Action                   |  1- 3 |  4- 6 |  7- 9 | 10-12 | 13-15 || total
-------------------------+-------+-------+-------+-------+-------++-------
Melee: Unarmed           |    31 |       |    68 |   229 |    34 ||   362
       Bite              |     3 |       |     5 |    36 |     5 ||    49
       Punch             |       |       |     5 |    34 |     7 ||    46
Invok: Berserk           |     3 |       |     4 |    13 |     3 ||    23
       Brothers in Arms  |       |       |     5 |    25 |    12 ||    42
       Trog's Hand       |       |       |     1 |     1 |     3 ||     5
  Use: Potion            |       |       |     1 |     4 |     2 ||     7
       Scroll            |       |       |       |     3 |       ||     3
 Stab: Sleeping          |       |       |       |    15 |     1 ||    16
       Distracted        |       |       |       |     2 |       ||     2
  Eat: Chunk             |     8 |       |    12 |    23 |     7 ||    50
Armor: Skin              |       |       |     2 |     5 |       ||     7
Dodge: Dodged            |    16 |       |    57 |   182 |    34 ||   289
